 Dungeon Crawl Stone Soup version 0.31-a0-949-g57150269e1 (webtiles) character file.

Game seed: 2061016818109019782

12870 arthad the Thaumaturge (level 11, -6/61 HPs)
             Began as a Deep Elf Fire Elementalist on Oct 21, 2023.
             Was a High Priest of Vehumet.
             Killed from afar by a storm dragon (47 damage)
             ... with a bolt of lightning
             ... on level 12 of the Dungeon.
             The game lasted 00:32:14 (12416 turns).

arthad the Thaumaturge (DEFE)                      Turns: 12416, Time: 00:32:15

Health: -6/61      AC: 13    Str:  7    XL:     11   Next: 68%
Magic:  3/28       EV: 17    Int: 25    God:    Vehumet [*****.]
Gold:   590        SH:  5    Dex: 21    Spells: 8/32 levels left

rFire   . . .        e - staff of conjuration
rCold   . . .        T - +0 buckler
rNeg    + + .        N - +0 steam dragon scales
rPois   +            O - +1 hat "Gauske" {+Inv rPois Str+2 SInv}
rElec   .            h - +1 cloak
rCorr   .            n - +2 pair of gloves of Undesirable Species {Rampage rN++}
SInv    +            v - +1 pair of boots
Will    +....        c - amulet of regeneration
Stlth   ++++         f - ring of flight
HPRegen 1.10/turn    q - +6 ring of dexterity
MPRegen 0.21/turn

%: rampage
@: flying
A: no striking features
a: Renounce Religion, Evoke Invisibility


You were on level 12 of the Dungeon.
You worshipped Vehumet.
Vehumet was extremely pleased with you.
You visited 2 branches of the dungeon, and saw 13 of its levels.
You also visited: Sewer and Ossuary.

You collected 821 gold pieces.
You spent 231 gold pieces at shops.

Inventory:

Hand Weapons
 r - a +0 lajatang
 t - the +3 sling of Diet Blood {freeze, Fragile rC+ Int+3}
   (You found it on level 4 of the Dungeon)

   Int+3:     It affects your intelligence (+3).
   rC+:       It protects you from cold.
   Fragile:   It will be destroyed if unequipped.
 I - a +4 short sword
 J - a +5 dagger
Missiles
 m - 40 poisoned darts
 p - a throwing net
 L - 4 boomerangs
 P - 6 javelins
Armour
 h - a +1 cloak (worn)
 n - the +2 pair of gloves of Undesirable Species (worn) {Rampage rN++}
   (You found it on level 11 of the Dungeon)

   rN++:      It greatly protects you from negative energy.
   Rampage:   It bestows one free step when moving towards enemies.
 v - a +1 pair of boots (worn)
 K - +0 fire dragon scales
 N - +0 steam dragon scales (worn)
 O - the +1 hat "Gauske" (worn) {+Inv rPois Str+2 SInv}
   (You acquired it on level 7 of the Dungeon)

   Str+2:     It affects your strength (+2).
   rPois:     It protects you from poison SInv: It lets you see invisible.
   +Inv:      It lets you turn invisible.
 T - a +0 buckler (worn)
 X - a +1 pair of gloves of strength
Magical Staves
 e - a staff of conjuration (weapon)
Jewellery
 c - an amulet of regeneration (around neck)
 f - a ring of flight (left hand)
 j - a ring of ice
 q - a +6 ring of dexterity (right hand)
 B - an amulet of reflection
Talismans
 u - a granite talisman
 w - a blade talisman
Wands
 s - a wand of flame (12)
 y - a wand of iceblast (9)
 U - a wand of digging (6)
 V - a wand of charming (11)
Scrolls
 a - a scroll of poison {unknown}
 k - 2 scrolls of brand weapon
 l - 2 scrolls of fear
 A - 2 scrolls of vulnerability
 C - 3 scrolls of enchant weapon
 F - 6 scrolls of teleportation
 G - a scroll of enchant armour
 H - 2 scrolls of amnesia
 M - 2 scrolls of blinking
 R - 3 scrolls of revelation
 Y - 3 scrolls of noise
 Z - a scroll of torment
Potions
 b - 2 potions of magic
 d - 5 potions of heal wounds
 g - 3 potions of invisibility
 i - 2 potions of mutation {unknown}
 x - 6 potions of curing
 z - a potion of haste {unknown}
 D - a potion of berserk rage {unknown}
 E - a potion of cancellation {unknown}
 Q - 2 potions of enlightenment {unknown}
 S - a potion of degeneration {unknown}
 W - a potion of lignification {unknown}
Miscellaneous
 o - a tin of tremorstones (2/2)


   Skills:
 + Level 4.2 Fighting
 + Level 1.4 Armour
 + Level 8.0 Dodging
 + Level 8.7 Stealth
 * Level 2.3 Shields
 * Level 11.3 Spellcasting
 * Level 9.2 Conjurations
 + Level 6.5 Hexes
 * Level 9.8 Fire Magic


You had 8 spell levels left.
You knew the following spells:

 Your Spells              Type           Power      Damage    Failure   Level
a - Foxfire               Conj/Fire      100%       2x1d9     1%          1
b - Scorch                Fire           100%       2d9       1%          2
c - Flame Wave            Conj/Fire      75%        2d17      1%          4
d - Fireball              Conj/Fire      37%        3d15      1%          5
e - Sticky Flame          Conj/Fire      75%        2d9       1%          4
f - Yara's Violent Unrav  Hex/Tmut       15%        3d8       13%         5
g - Tukima's Dance        Hex            47%        N/A       1%          3

Your spell library contained the following spells:

 Spells                   Type           Power      Damage    Failure   Level
 Bombard                  Conj/Erth      27%        9d5       36%         6
 Jinxbite                 Hex            94%        N/A       1%          2
 Inner Flame              Hex/Fire       53%        N/A       1%          3
 Volatile Blastmotes      Fire/Tloc      76%        2d16      1%          3
 Iskenderun's Battlesphe  Conj           74%        2d12      1%          5
 Ensorcelled Hibernation  Hex/Ice        60%        N/A       2%          2
 Brom's Barrelling Bould  Conj/Erth      54%        2d7       3%          4
 Apportation              Tloc           28%        N/A       7%          1
 Necrotise                Necr           56%        1d6       7%          1
 Summon Small Mammal      Summ           56%        N/A       7%          1
 Cigotuvi's Dreadful Rot  Necr/Pois/Air  28%        N/A       11%         2
 Passwall                 Tmut/Erth      11%        N/A       11%         2
 Swiftness                Air            14%        N/A       22%         3
 Orb of Destruction       Conj           37%        9d11      32%         7
 Conjure Ball Lightning   Conj/Air       27%        3x3d8     36%         6
 Dispel Undead            Necr           14%        3d10      56%         4
 Passage of Golubria      Tloc           14%        N/A       56%         4
 Alistair's Intoxication  Tmut/Pois      9%         N/A       89%         5
 Death Channel            Necr           7%         N/A       100%        6


Dungeon Overview and Level Annotations

Branches:
Dungeon (12/15)            Temple (1/1) D:4            Lair (0/5) D:11
    Orc (0/2) D:9           Sewer (visited)         Ossuary (visited)

Altars:
Ashenzari
Cheibriados
Dithmenos
Elyvilon
Fedhas
Gozag
Hepliaklqana
Kikubaaqudgha
Makhleb
Nemelex Xobeh
Okawaru
Qazlal
Ru
Sif Muna
Trog
Uskayaw
Vehumet
Wu Jian
Xom
Yredelemnul
Zin
The Shining One

Shops:
D:10 [:?[


Message History

The storm dragon is heavily wounded.
The storm dragon's fire resistance burns away.
Casting: Scorch (safe; 1% risk of failure)
Confirm with . or Enter, or press ? or * to list all spells.
Aiming: Fireball (dangerous; 1% risk of failure)
Press: ? - help, Shift-Dir - straight line, f/p - storm dragon
Aim: a storm dragon (heavily wounded, more vulnerable to fire)
You feel a surge of power!
The fireball explodes!
The fireball engulfs the storm dragon!!
The storm dragon is burned terribly!
The storm dragon is severely wounded.
Casting: Fireball (dangerous; 1% risk of failure)
Confirm with . or Enter, or press ? or * to list all spells.
Aiming: Fireball (dangerous; 1% risk of failure)
Press: ? - help, Shift-Dir - straight line, f/p - storm dragon
Aim: a storm dragon (severely wounded, more vulnerable to fire)
You feel a surge of power!
The fireball explodes!
The fireball engulfs the storm dragon!
The storm dragon is burned terribly!
The storm dragon is almost dead.
The storm dragon breathes lightning at you.
The bolt of lightning misses you.
You hear a shout!
Casting: Fireball (dangerous; 1% risk of failure)
Confirm with . or Enter, or press ? or * to list all spells.
You don't have enough magic to cast this spell.
Unknown command.
Okay, then.
The storm dragon attacks as it pursues you!
The storm dragon misses you. You block the storm dragon's attack.
The storm dragon tramples you but does no damage.
The storm dragon attacks as it pursues you!
The storm dragon bites you. The storm dragon barely misses you.
You block the storm dragon's attack.
The storm dragon is no longer more vulnerable to fire.
Casting: Fireball (dangerous; 1% risk of failure)
Confirm with . or Enter, or press ? or * to list all spells.
Okay, then.
The storm dragon breathes lightning at you.
The bolt of lightning misses you. The bolt of lightning hits you!!!
Ouch! That really hurt!
You die...

#.# #.# #...
#####.#######.######.##
#............>........#
#.....#####.#..........
#.............###......
###########.#...#......
#.#.###......
############ #.#.#
#...≈.. #........@.#
#.#.# #......
##########.# #.#.#
#...... #D# #.#.#
#####.# #.#.## #.....#
#.#... #.###.###.#..##
≈ #.).......#...# ..≈
#####.######..##.....
#.# #.).......


You could see a storm dragon (catching breath).

Vanquished Creatures
  4 two-headed ogres
  A boulder beetle (D:11)
  A tengu warrior (D:10)
  A deep elf pyromancer (D:12)
  Joseph (D:7)
  A freezing wraith (D:12)
  A tengu conjurer (D:10)
  A queen bee (D:8)
  3 trolls
  2 hornets
  A slime creature (D:7)
  A shadow (D:10)
  Sigmund (D:4)
  2 wraiths (D:12)
  3 yaks (D:8)
  A wyvern (D:9)
  2 vampire mosquitoes (D:11)
  A steam dragon (D:7)
  A warg (D:9)
  8 orc warriors
  Pargi (Sewer)
  4 sky beasts
  A black bear (D:4)
  An ice beast (D:5)
  2 ogres (D:5)
  3 centaurs
  A phantom (D:5)
  3 kobold brigands
  2 elf zombies (Ossuary)
  6 bullfrogs
  6 scorpions
  3 wights (D:6)
  9 killer bees (D:8)
  6 howler monkeys
  5 jellies (D:7)
  6 orc priests
  2 gnoll boudas
  5 hounds
  2 human zombies (Ossuary)
  A scorpion zombie (D:5)
  Terence (D:3)
  3 sleepcaps
  3 iguanas
  9 orc wizards
  A hound zombie (D:5)
  2 mummies (Ossuary)
  8 gnolls
  8 adders
  2 shadow imps
  3 white imps
  3 adder skeletons (D:5)
  2 adder zombies (D:5)
  29 orcs
  7 bats
  8 endoplasms
  3 giant cockroaches
  5 goblins
  3 hobgoblins
  13 jackals
  4 quokkas
  4 ball pythons
  2 frilled lizards
  2 goblin zombies (Ossuary)
  9 hobgoblin zombies (Ossuary)
  A jackal zombie (Ossuary)
  16 kobolds
  14 kobold zombies (Ossuary)
  7 orc zombies (Ossuary)
  5 rats
283 creatures vanquished.

Vanquished Creatures (collateral kills)
  2 foxfires (D:1)
2 creatures vanquished.

Vanquished Creatures (others)
  897 foxfires
897 creatures vanquished.

Grand Total: 1182 creatures vanquished

Notes
Turn   | Place    | Note
-------+----------+-------------------------------------------
     0 | D:1      | arthad the Deep Elf Fire Elementalist began the quest for
                  | the Orb.
     0 | D:1      | Reached XP level 1. HP: 10/10 MP: 6/6
   182 | D:1      | Reached XP level 2. HP: 15/15 MP: 5/8
   897 | D:1      | Found a faded altar of an unknown god.
   968 | D:2      | Learned a level 2 spell: Scorch
  1027 | D:2      | Reached XP level 3. HP: 19/19 MP: 6/9
  2069 | D:3      | Noticed Terence
  2080 | D:3      | Killed Terence
  2081 | D:3      | Reached XP level 4. HP: 24/24 MP: 0/11
  2545 | D:4      | Found a staircase to the Ecumenical Temple.
  2553 | Temple   | Entered the Ecumenical Temple
  2561 | Temple   | Became a worshipper of Vehumet
  2579 | D:4      | Identified a scroll of acquirement
  2579 | D:4      | Acquired a staff of conjuration
  2598 | D:4      | Reached skill level 4 in Spellcasting
  2616 | D:4      | Reached XP level 5. HP: 28/28 MP: 3/13
  2881 | D:4      | Noticed Sigmund
  2886 | D:4      | Killed Sigmund
  2887 | D:4      | Reached XP level 6. HP: 32/32 MP: 6/15
  2897 | D:4      | Identified the +3 sling of Diet Blood {freeze, Fragile rC+
                  | Int+3}
  3030 | D:4      | Found a glowing drain.
  3045 | Sewer    | Entered a sewer
  3115 | Sewer    | Noticed Pargi
  3120 | Sewer    | Killed Pargi
  3121 | Sewer    | Reached skill level 5 in Spellcasting
  3229 | D:4      | Reached XP level 7. HP: 36/36 MP: 8/16
  3626 | D:4      | Reached skill level 5 in Fire Magic
  3771 | D:5      | Entered Level 5 of the Dungeon
  3802 | D:5      | Reached skill level 5 in Stealth
  3820 | D:5      | Reached skill level 5 in Dodging
  3952 | D:5      | Found a sand-covered staircase.
  4063 | Ossuary  | Entered an ossuary
  4076 | Ossuary  | Reached * piety under Vehumet
  4076 | Ossuary  | Offered knowledge of Magic Dart by Vehumet.
  4087 | Ossuary  | Learned a level 4 spell: Flame Wave
  4420 | Ossuary  | Reached skill level 6 in Spellcasting
  4421 | Ossuary  | Reached skill level 1 in Hexes
  4423 | Ossuary  | Reached ** piety under Vehumet
  4423 | Ossuary  | Offered knowledge of Static Discharge by Vehumet.
  4661 | D:5      | Reached XP level 8. HP: 42/42 MP: 15/19
  4664 | D:5      | Reached skill level 1 in Fighting
  5282 | D:5      | Learned a level 5 spell: Fireball
  5381 | D:5      | Reached skill level 5 in Conjurations
  5589 | D:5      | Reached skill level 7 in Spellcasting
  5786 | D:6      | Offered knowledge of Hailstorm by Vehumet.
  5796 | D:6      | Reached XP level 9. HP: 48/48 MP: 7/22
  6001 | D:6      | Found a shadowy altar of Dithmenos.
  6122 | D:6      | Reached *** piety under Vehumet
  6609 | D:7      | Reached skill level 8 in Spellcasting
  6890 | D:7      | Offered knowledge of Sticky Flame by Vehumet.
  6907 | D:7      | Learned a level 4 spell: Sticky Flame
  7212 | D:7      | Found a shimmering altar of Xom.
  7296 | D:7      | Found an ancient bone altar of Kikubaaqudgha.
  7350 | D:7      | Reached **** piety under Vehumet
  7490 | D:7      | Found a snail-covered altar of Cheibriados.
  7490 | D:7      | Found a burning altar of Makhleb.
  7498 | D:7      | Found a hazy altar of Hepliaklqana.
  7500 | D:7      | Found a blossoming altar of Fedhas.
  7502 | D:7      | Found a sparkling altar of Nemelex Xobeh.
  7721 | D:7      | Noticed Joseph
  7728 | D:7      | Killed Joseph
  7729 | D:7      | Reached skill level 9 in Spellcasting
  7932 | D:7      | Acquired the +1 hat "Gauske" {+Inv rPois Str+2 SInv}
  8260 | D:8      | Reached XP level 10. HP: 55/55 MP: 19/25
  8317 | D:8      | Offered knowledge of Dazzling Flash by Vehumet.
  8511 | D:8      | Reached skill level 5 in Hexes
  9108 | D:8      | Learned a level 5 spell: Yara's Violent Unravelling
  9112 | D:8      | Learned a level 3 spell: Tukima's Dance
  9320 | D:9      | Reached ***** piety under Vehumet
  9373 | D:9      | Offered knowledge of Bombard by Vehumet.
  9506 | D:9      | Found a staircase to the Orcish Mines.
  9631 | D:9      | Reached skill level 10 in Spellcasting
  9660 | D:9      | Noticed a two-headed ogre
  9664 | D:9      | Killed a two-headed ogre
 10061 | D:10     | Entered Level 10 of the Dungeon
 10152 | D:10     | Noticed a tengu warrior
 10161 | D:10     | Killed a tengu warrior
 10162 | D:10     | Reached XP level 11. HP: 60/60 MP: 6/27
 10274 | D:10     | Noticed a walking earthen tome
 10276 | D:10     | Found Gan Kui's Book Shoppe.
 10278 | D:10     | Noticed a walking divine tome
 10437 | D:10     | Found Jaberrit's Armour Boutique.
 10445 | D:10     | Bought a +1 pair of gloves of strength for 231 gold pieces
 10833 | D:10     | Found Ameluhoz's Magic Scroll Shop.
 10852 | D:10     | Noticed a two-headed ogre
 10856 | D:10     | Killed a two-headed ogre
 10979 | D:10     | Found Xoria's Armour Shoppe.
 11087 | D:11     | Noticed a two-headed ogre
 11091 | D:11     | Killed a two-headed ogre
 11092 | D:11     | Reached skill level 1 in Shields
 11213 | D:11     | Found a staircase to the Lair.
 11271 | D:11     | Noticed a boulder beetle
 11506 | D:11     | Killed a boulder beetle
 11507 | D:11     | Reached skill level 1 in Armour
 11507 | D:11     | Reached skill level 11 in Spellcasting
 11859 | D:11     | Identified the +2 pair of gloves of Undesirable Species
                  | {Rampage rN++}
 12284 | D:12     | Noticed a two-headed ogre
 12286 | D:12     | Killed a two-headed ogre
 12296 | D:12     | Noticed a deep elf pyromancer
 12300 | D:12     | Killed a deep elf pyromancer
 12322 | D:12     | Noticed a brown ugly thing
 12404 | D:12     | Noticed a storm dragon
 12416 | D:12     | Killed from afar by a storm dragon

Illustrated notes

Levels and vault maps discovered:
D:1:      tarquinn_simple_flora_water_f, layout_rooms,
          shapermc_ecumenical_altar_mp_urbaneastern, hex_medium,
          hangedman_glass_teeth
D:2:      layout_basic, amcnicky_mini_rare_corridor_liquid,
          amcnicky_mini_corridor_feature, kennysheep_cluttered_room,
          chequers_serial_rivers_small_3, minivault_24
D:3:      layout_basic, uniq_terence
D:4:      layout_basic, minmay_temple_entry_trees, portal_sewer_entry_f,
          uniq_sigmund
D:5:      layout_loops_ring, mainiacjoe_ossuary_entry_find_the_door,
          minmay_misc_feat_rugged, st_stairs_3
D:6:      layout_basic, amcnicky_altar_gilded
D:7:      cheibrodos_fertilizer, layout_loops_corners,
          mainiacjoe_overflow_concentric_impassable,
          chequers_temple_overflow_minitemple, overflow_temple_1_default,
          uniq_joseph
D:8:      layout_loops_ring, nicolae_looking_at_the_future
D:9:      layout_loops_ring, erik_orc_4, dreamdust_princess_corridor,
          grunt_ministairs_9
D:10:     layout_long_grid, serial_shops, nicolae_shop_just_a_little_nook,
          nicolae_shop_getting_attention, shop, nicolae_shop_mannequins,
          corexii_leaking_fountain
D:11:     layout_basic, lair_entry_dummy
D:12:     minmay_glassy_protrusions, layout_basic,
          minmay_fractal_squares_gapless_7, uniq_lodul
Temple:   nicolae_temple_two_arcs

Skill      XL: |  1  2  3  4  5  6  7  8  9 10 11 |
---------------+----------------------------------+-----
Stealth        | 3 4 5 6 7 8 |  8.7
Dodging        | 3 4 5 6 7 8 |  8.0
Conjurations   | 2 3 4 5 7 8 9 |  9.2
Fire Magic     | 4 5 6 7 9 |  9.8
Spellcasting   | 4 5 6 7 9 10 11 | 11.3
Hexes          | 1 3 4 5 6 |  6.5
Fighting       | 1 2 3 4 |  4.2
Shields        | 2 |  2.3
Armour         | 1 |  1.4

Action                     |  1- 3 |  4- 6 |  7- 9 | 10-12 || total
---------------------------+-------+-------+-------+-------++-------
  Melee: Unarmed           |     2 |       |       |       ||     2
         Staff             |       |       |     3 |       ||     3
   Cast: Foxfire           |    81 |    48 |   268 |   129 ||   526
         Scorch            |     1 |     4 |    41 |    40 ||    86
         Flame Wave        |       |       |     8 |    11 ||    19
         Fireball          |       |       |     6 |    33 ||    39
         Sticky Flame      |       |       |       |     1 ||     1
  Evoke: Wand              |       |       |     5 |       ||     5
    Use: Scroll            |       |     8 |     2 |     7 ||    17
 Armour: Robe              |     3 |     1 |    21 |       ||    25
         Steam dragon scal |       |       |     1 |    22 ||    23
  Dodge: Dodged            |     3 |     3 |    22 |    36 ||    64
  Block: Buckler           |       |       |       |     3 ||     3

Table legend: (Time is in decaauts)
 A = Elapsed time spent in this place.
 B = Non-inter-level travel time spent in this place.
 C = Inter-level travel time spent in this place.
 D = Time resting spent in this place.
 E = Time spent auto-exploring this place.
 F = Levels seen in this place.
 G = Mean time per level.
                   A        B        C        D        E       F      G
               +--------+--------+--------+--------+--------+-----+--------+
         Total |  12411 |  12149 |    262 |    320 |   9949 |  15 |  827.4 |
       Dungeon |  11675 |  11413 |    262 |    320 |   9481 |  12 |  972.9 |
        Temple |     16 |     16 |      0 |      0 |      0 |   1 |   16.0 |
         Sewer |    170 |    170 |      0 |      0 |    134 |   1 |  170.0 |
       Ossuary |    549 |    549 |      0 |      0 |    334 |   1 |  549.0 |
               +--------+--------+--------+--------+--------+-----+--------+

Top non-repeatable levels by time:
     D:7: 1534 daAuts
     D:5: 1294 daAuts
     D:4: 1037 daAuts
    D:10: 1024 daAuts
     D:8: 1013 daAuts
     D:6: 971 daAuts
     D:1: 939 daAuts
    D:11: 938 daAuts
     D:9: 924 daAuts
     D:2: 872 daAuts
     D:3: 731 daAuts
 Ossuary: 549 daAuts
    D:12: 390 daAuts
   Sewer: 170 daAuts
  Temple: 16 daAuts
